TOP OF THE 1ST |
Colorado Springs Velocity batting - Pitching for Huntington Beach Surf : RHP Jim Unknown
|
Pitching: RHP Jim Unknown
|
|
Batting: SHB Tom Palmer
|
0-0: Ball 1-0: Called Strike 1-1: Fly out, F8 (Flyball, 8RM)
|
Batting: SHB Jack Bell
|
0-0: Ground out 4-3 (Groundball, 4)
|
Batting: RHB Dave Waller
|
0-0: Called Strike 0-1: Ball 1-1: Called Strike 1-2: Ground out 5-3 (Groundball, 56S)
|
Top of the 1st over - 0 run(s), 0 hit(s), 0 error(s), 0 left on base; Colorado Springs 0 - Huntington Beach 0 |
BOTTOM OF THE 1ST |
Huntington Beach Surf batting - Pitching for Colorado Springs Velocity : RHP Rafael Chávez
|
Pitching: RHP Rafael Chávez
|
|
Batting: RHB Warner Robinson
|
0-0: Ball 1-0: Ground out 4-3 (Groundball, 4)
|
Batting: RHB Bernardo Herrera
|
0-0: Called Strike 0-1: Fly out, F8 (Flyball, 8LM)
|
Batting: LHB Bartolo Benítez
|
0-0: Foul Ball, location: 2F 0-1: Foul Ball, location: 2F 0-2: Ball 1-2: Ground out 6-3 (Groundball, 6)
|
Bottom of the 1st over - 0 run(s), 0 hit(s), 0 error(s), 0 left on base; Colorado Springs 0 - Huntington Beach 0 |
TOP OF THE 2ND |
Colorado Springs Velocity batting - Pitching for Huntington Beach Surf : RHP Jim Unknown
|
Batting: RHB Brian King
|
0-0: Called Strike 0-1: Swinging Strike 0-2: Ball 1-2: Ground out 5-3 (Groundball, 5)
|
Batting: RHB Ralph Johnson
|
0-0: SOLO HOME RUN (Line Drive, 89D), Distance : 412 ft
|
Batting: RHB Eric Randolph
|
0-0: Ball 1-0: Foul Ball, location: 2F 1-1: Foul Ball, location: 2F 1-2: Ball 2-2: Ball 3-2: Ground out 1-3 (Groundball, 15)
|
Batting: RHB Pablo Márquez
|
0-0: Foul Ball, location: 2F 0-1: Ball 1-1: Swinging Strike 1-2: Ball 2-2: Ball 3-2: Strikes out swinging
|
Top of the 2nd over - 1 run(s), 1 hit(s), 0 error(s), 0 left on base; Colorado Springs 1 - Huntington Beach 0 |
BOTTOM OF THE 2ND |
Huntington Beach Surf batting - Pitching for Colorado Springs Velocity : RHP Rafael Chávez
|
Batting: RHB Gilberto Patino
|
0-0: Ground out 4-3 (Groundball, 34)
|
Batting: RHB Enrique Marroquín
|
0-0: Swinging Strike 0-1: Swinging Strike 0-2: Foul Ball, location: 2F 0-2: Foul Ball, location: 2F 0-2: Strikes out swinging
|
Batting: RHB Juan García
|
0-0: Ball 1-0: Called Strike 1-1: Fly out, F7 (Line Drive, 7LS)
|
Bottom of the 2nd over - 0 run(s), 0 hit(s), 0 error(s), 0 left on base; Colorado Springs 1 - Huntington Beach 0 |
TOP OF THE 3RD |
Colorado Springs Velocity batting - Pitching for Huntington Beach Surf : RHP Jim Unknown
|
Batting: RHB Dan Hart
|
0-0: Foul Ball, location: 2F 0-1: Ball 1-1: Ball 2-1: SINGLE (Groundball, 56)
|
Batting: RHB Randy Tucker
|
0-0: Ball 1-0: Foul Ball, location: 2F 1-1: Ball 2-1: Swinging Strike 2-2: Strikes out swinging
|
Batting: SHB Tom Palmer
|
0-0: Swinging Strike 0-1: DOUBLE (Flyball, 89M) Dan Hart to third
|
Batting: SHB Jack Bell
|
0-0: Ball 1-0: Called Strike 1-1: Called Strike 1-2: Ball 2-2: Ball 3-2: Foul Ball, location: 2F 3-2: Foul Ball, location: 2F 3-2: Foul Ball, location: 2F 3-2: Strikes out swinging
|
Batting: RHB Dave Waller
|
0-0: Swinging Strike 0-1: Ball 1-1: Foul Ball, location: 2F 1-2: Foul Ball, location: 2F 1-2: Strikes out swinging
|
Top of the 3rd over - 0 run(s), 2 hit(s), 0 error(s), 2 left on base; Colorado Springs 1 - Huntington Beach 0 |
BOTTOM OF THE 3RD |
Huntington Beach Surf batting - Pitching for Colorado Springs Velocity : RHP Rafael Chávez
|
Batting: RHB Dave Young
|
0-0: Called Strike 0-1: Foul Ball, location: 2F 0-2: Ball 1-2: Strikes out looking
|
Batting: RHB Austin Henderson
|
0-0: Ball 1-0: Called Strike 1-1: Ball 2-1: Ball 3-1: Base on Balls
|
Batting: RHB Rafael Abreu
|
0-0: Ball 1-0: Ball 2-0: Ball 3-0: Foul Ball, location: 2F 3-1: Ground out 3-1 (Groundball, 34S) Austin Henderson to second
|
Batting: RHB Warner Robinson
|
0-0: SINGLE (Groundball, 56D) Austin Henderson to third Runner from 3rd tries for Home, SAFE, no throw or cutoff
|
Batting: RHB Bernardo Herrera
|
0-0: Swinging Strike 0-1: Ball 1-1: SINGLE (Flyball, 9LM) Warner Robinson to second Runner from 2nd tries for 3rd, SAFE, throw made to third
|
Batting: LHB Bartolo Benítez
|
0-0: Ball 1-0: Called Strike 1-1: Foul Ball, location: 2F 1-2: Foul Ball, location: 2F 1-2: Fly out, F6 (Popup, 6D)
|
Bottom of the 3rd over - 1 run(s), 2 hit(s), 0 error(s), 2 left on base; Colorado Springs 1 - Huntington Beach 1 |
TOP OF THE 4TH |
Colorado Springs Velocity batting - Pitching for Huntington Beach Surf : RHP Jim Unknown
|
Batting: RHB Brian King
|
0-0: Ball 1-0: Foul Ball, location: 2F 1-1: Ball 2-1: Foul Ball, location: 2F 2-2: Strikes out swinging
|
Batting: RHB Ralph Johnson
|
0-0: Foul Ball, location: 2F 0-1: Called Strike 0-2: Ground out 6-3 (Groundball, 6)
|
Batting: RHB Eric Randolph
|
0-0: Ball 1-0: Ball 2-0: Called Strike 2-1: Foul Ball, location: 2F 2-2: Foul Ball, location: 2F 2-2: Strikes out swinging
|
Top of the 4th over - 0 run(s), 0 hit(s), 0 error(s), 0 left on base; Colorado Springs 1 - Huntington Beach 1 |
BOTTOM OF THE 4TH |
Huntington Beach Surf batting - Pitching for Colorado Springs Velocity : RHP Rafael Chávez
|
Batting: RHB Gilberto Patino
|
0-0: Ball 1-0: Swinging Strike 1-1: Foul Ball, location: 2F 1-2: SOLO HOME RUN (Flyball, 7D), Distance : 380 ft
|
Batting: RHB Enrique Marroquín
|
0-0: Ball 1-0: Called Strike 1-1: Ball 2-1: Swinging Strike 2-2: Strikes out swinging
|
Batting: RHB Juan García
|
0-0: Ball 1-0: Ball 2-0: Called Strike 2-1: Ball 3-1: Swinging Strike 3-2: Foul Ball, location: 2F 3-2: Foul Ball, location: 2F 3-2: Foul Ball, location: 2F 3-2: Foul Ball, location: 2F 3-2: Base on Balls
|
Batting: RHB Dave Young
|
0-0: SINGLE (Line Drive, 6D) Juan García to second
|
Batting: RHB Austin Henderson
|
0-0: Foul Ball, location: 2F 0-1: Ball 1-1: Ground out 5-3 (Groundball, 5S) Juan García to third Dave Young to second
|
Batting: RHB Rafael Abreu
|
0-0: Called Strike 0-1: Ball 1-1: Ball 2-1: Foul Ball, location: 2F 2-2: Foul Ball, location: 2F 2-2: Ground out 1-3 (Groundball, 15)
|
Bottom of the 4th over - 1 run(s), 2 hit(s), 0 error(s), 2 left on base; Colorado Springs 1 - Huntington Beach 2 |
TOP OF THE 5TH |
Colorado Springs Velocity batting - Pitching for Huntington Beach Surf : RHP Jim Unknown
|
Batting: RHB Pablo Márquez
|
0-0: Ball 1-0: Fly out, F3 (Line Drive, 34)
|
Batting: RHB Dan Hart
|
0-0: Ball 1-0: SINGLE (Groundball, 4D)
|
Batting: RHB Randy Tucker
|
0-0: Fly out, F8 (Flyball, 8LM)
|
Batting: SHB Tom Palmer
|
0-0: Called Strike 0-1: Called Strike 0-2: Ball 1-2: Foul Ball, location: 2F 1-2: Ball 2-2: Strikes out swinging
|
Top of the 5th over - 0 run(s), 1 hit(s), 0 error(s), 1 left on base; Colorado Springs 1 - Huntington Beach 2 |
BOTTOM OF THE 5TH |
Huntington Beach Surf batting - Pitching for Colorado Springs Velocity : RHP Rafael Chávez
|
Batting: RHB Warner Robinson
|
0-0: Ball 1-0: Foul Ball, location: 2F 1-1: Called Strike 1-2: SINGLE (Groundball, 56D)
|
Batting: RHB Bernardo Herrera
|
0-0: Bunted foul 0-1: Bunted foul 0-2: Ball 1-2: Ball 2-2: Ball 3-2: DOUBLE (Flyball, 7LM) Warner Robinson to third Warner Robinson scores
|
Batting: LHB Bartolo Benítez
|
0-0: Called Strike 0-1: Ball 1-1: Ball 2-1: Ball 3-1: Fly out, F8 (Flyball, 8LM) Runner from 2nd tags up, SAFE at 3rd with throw
|
Batting: RHB Gilberto Patino
|
0-0: Ball 1-0: Called Strike 1-1: Ball 2-1: Ball 3-1: Swinging Strike 3-2: SINGLE (Line Drive, 89S) Bernardo Herrera scores
|
Batting: RHB Enrique Marroquín
|
0-0: Ball Wild Pitch! Gilberto Patino to second 1-0: Intentional Walk
|
Batting: RHB Juan García
|
0-0: Called Strike 0-1: Ball Gilberto Patino steals 3rd base Enrique Marroquín to second 1-1: Intentional Walk
|
Batting: RHB Dave Young
|
0-0: Called Strike 0-1: Foul Ball, location: 2F 0-2: Ball 1-2: Foul Ball, location: 2F 1-2: Ball 2-2: Fly out, F7 (Flyball, 7M) Runner from 3rd tags up, OUT at HOME
|
Bottom of the 5th over - 2 run(s), 3 hit(s), 0 error(s), 2 left on base; Colorado Springs 1 - Huntington Beach 4 |
TOP OF THE 6TH |
Colorado Springs Velocity batting - Pitching for Huntington Beach Surf : RHP Jim Unknown
|
Batting: SHB Jack Bell
|
0-0: SINGLE (Line Drive, 56D)
|
Batting: RHB Dave Waller
|
0-0: Called Strike 0-1: Ball 1-1: Called Strike 1-2: Foul Ball, location: 2F 1-2: Ball 2-2: Foul Ball, location: 2F 2-2: Ball 3-2: Foul Ball, location: 2F 3-2: Foul Ball, location: 2F 3-2: Base on Balls Jack Bell to second
|
Batting: RHB Brian King
|
0-0: Swinging Strike 0-1: Ball 1-1: Ball 2-1: Fielders Choice at 2nd, 6-4 (Groundball, 6) Jack Bell to third
|
Batting: RHB Ralph Johnson
|
0-0: Called Strike 0-1: Ball 1-1: Foul Ball, location: 2F 1-2: Ball 2-2: SINGLE (Flyball, 7S) Jack Bell scores Brian King to second
|
Pitching: LHP José Castaneda
|
|
Batting: RHB Eric Randolph
|
0-0: Called Strike 0-1: Ball 1-1: SINGLE (Line Drive, 8LS) Brian King to third Ralph Johnson to second Runner from 3rd tries for Home, SAFE, throw made home
|
Batting: RHB Pablo Márquez
|
0-0: Called Strike 0-1: Swinging Strike 0-2: Ball 1-2: Ball 2-2: Fly out, F3 (Popup, 3SF)
|
Batting: RHB Dan Hart
|
0-0: Called Strike 0-1: SINGLE (Groundball, 4M) Ralph Johnson to third Eric Randolph to second Runner from 3rd tries for Home, SAFE, no throw or cutoff
|
Batting: RHB Randy Tucker
|
0-0: Ball 1-0: Ball 2-0: Called Strike 2-1: Foul Ball, location: 2F 2-2: Fly out, F2 (Popup, 2LF)
|
Top of the 6th over - 3 run(s), 4 hit(s), 0 error(s), 2 left on base; Colorado Springs 4 - Huntington Beach 4 |
BOTTOM OF THE 6TH |
Huntington Beach Surf batting - Pitching for Colorado Springs Velocity : RHP Rafael Chávez
|
Batting: RHB Austin Henderson
|
0-0: Ball 1-0: Bunt missed! 1-1: Ball 2-1: Called Strike 2-2: Fly out, F9 (Flyball, 9M)
|
Batting: RHB Rafael Abreu
|
0-0: Ground out U3 (Groundball, 3L)
|
Batting: RHB Warner Robinson
|
0-0: Ball 1-0: Swinging Strike 1-1: Ball 2-1: SOLO HOME RUN (Flyball, 89D), Distance : 408 ft
|
Pitching: RHP Ricardo González
|
|
Batting: RHB Bernardo Herrera
|
0-0: Ball 1-0: Called Strike 1-1: Ball 2-1: Ball 3-1: Foul Ball, location: 2F 3-2: Foul Ball, location: 2F 3-2: Strikes out swinging
|
Bottom of the 6th over - 1 run(s), 1 hit(s), 0 error(s), 0 left on base; Colorado Springs 4 - Huntington Beach 5 |
TOP OF THE 7TH |
Colorado Springs Velocity batting - Pitching for Huntington Beach Surf : LHP José Castaneda
|
Batting: SHB Tom Palmer
|
0-0: Ball 1-0: Ball 2-0: Ball 3-0: Called Strike 3-1: SINGLE (Line Drive, 56D)
|
Batting: SHB Jack Bell
|
0-0: Ball 1-0: Ball 2-0: Sac Bunt - play at first, batter OUT! 5-4 Tom Palmer to second
|
Batting: RHB Dave Waller
|
0-0: Swinging Strike 0-1: Fly out, F7 (Flyball, 78M)
|
Batting: RHB Brian King
|
0-0: Fly out, F8 (Flyball, 89M)
|
Top of the 7th over - 0 run(s), 1 hit(s), 0 error(s), 1 left on base; Colorado Springs 4 - Huntington Beach 5 |
BOTTOM OF THE 7TH |
Huntington Beach Surf batting - Pitching for Colorado Springs Velocity : RHP Ricardo González
|
Batting: LHB Bartolo Benítez
|
0-0: Ball 1-0: SINGLE (Flyball, 8LS)
|
Batting: RHB Gilberto Patino
|
0-0: 2-RUN HOME RUN (Line Drive, 9D), Distance : 376 ft
|
Pitching: LHP Bobby Warner
|
|
Batting: RHB Enrique Marroquín
|
0-0: Called Strike 0-1: SOLO HOME RUN (Flyball, 7D), Distance : 394 ft
|
Batting: RHB Juan García
|
0-0: Ball 1-0: Called Strike 1-1: Foul Ball, location: 2F 1-2: Foul Ball, location: 2F 1-2: Strikes out swinging
|
Batting: RHB Dave Young
|
0-0: Ground out 6-3 (Groundball, 6)
|
Batting: RHB Austin Henderson
|
0-0: Swinging Strike 0-1: Ball 1-1: Ball 2-1: Ball 3-1: Foul Ball, location: 2F 3-2: Strikes out looking
|
Bottom of the 7th over - 3 run(s), 3 hit(s), 0 error(s), 0 left on base; Colorado Springs 4 - Huntington Beach 8 |
TOP OF THE 8TH |
Colorado Springs Velocity batting - Pitching for Huntington Beach Surf : LHP José Castaneda
|
Batting: RHB Ralph Johnson
|
0-0: Swinging Strike 0-1: SINGLE (Groundball, 4MD)
|
Batting: RHB Eric Randolph
|
0-0: Ball 1-0: Swinging Strike 1-1: SINGLE (Line Drive, 4MD) Ralph Johnson to second Runner from 2nd tries for 3rd, SAFE, throw made to third
|
Pitching: RHP Jim Unknown
|
|
Batting: RHB Pablo Márquez
|
0-0: Ball 1-0: Ball 2-0: Called Strike 2-1: Swinging Strike 2-2: Strikes out swinging
|
Batting: RHB Dan Hart
|
0-0: SINGLE (Line Drive, 4MD) Ralph Johnson scores Eric Randolph to second
|
Batting: RHB Randy Tucker
|
0-0: Ball 1-0: Called Strike 1-1: Foul Ball, location: 2F 1-2: Ball 2-2: Strikes out swinging
|
Batting: SHB Tom Palmer
|
0-0: Ball 1-0: Ball Wild Pitch! Eric Randolph to third Dan Hart to second 2-0: Ball 3-0: Called Strike 3-1: SINGLE (Flyball, 9S) Eric Randolph scores Dan Hart to third
|
Batting: SHB Jack Bell
|
0-0: Ball 1-0: Called Strike 1-1: SINGLE (Groundball, 4M) Dan Hart scores Tom Palmer to second Runner from 2nd tries for 3rd, SAFE, throw made to third Jack Bell to second
|
Pinch Hitting: LHB Ramón Hernández
|
0-0: Ground out 4-3 (Groundball, 4)
|
Top of the 8th over - 3 run(s), 5 hit(s), 0 error(s), 2 left on base; Colorado Springs 7 - Huntington Beach 8 |
BOTTOM OF THE 8TH |
Huntington Beach Surf batting - Pitching for Colorado Springs Velocity : LHP Bobby Warner
|
Now in RF: Ramón Hernández
|
|
Batting: RHB Rafael Abreu
|
0-0: Ball 1-0: Swinging Strike 1-1: Fly out, F6 (Popup, 6D)
|
Batting: RHB Warner Robinson
|
0-0: Called Strike 0-1: Swinging Strike 0-2: Ball 1-2: Ball 2-2: Fly out, F8 (Flyball, 8RM)
|
Batting: RHB Bernardo Herrera
|
0-0: Ball 1-0: SINGLE (Flyball, 7LM)
|
Batting: LHB Bartolo Benítez
|
0-0: Called Strike 0-1: Ground out 1-3 (Groundball, 13S)
|
Bottom of the 8th over - 0 run(s), 1 hit(s), 0 error(s), 1 left on base; Colorado Springs 7 - Huntington Beach 8 |
TOP OF THE 9TH |
Colorado Springs Velocity batting - Pitching for Huntington Beach Surf : RHP Jim Unknown
|
Batting: RHB Brian King
|
0-0: Ball 1-0: Ground out 5-3 (Groundball, 5S)
|
Batting: RHB Ralph Johnson
|
0-0: Foul Ball, location: 2F 0-1: Ball 1-1: Called Strike 1-2: Ball 2-2: SINGLE (Flyball, 7S)
|
Pinch Hitting: LHB Melvin Bauer
|
0-0: Foul Ball, location: 2F 0-1: Ball 1-1: Fly out, F8 (Flyball, 8RXD)
|
Pinch Hitting: LHB Gunner Harmon
|
0-0: Ball 1-0: Ball 2-0: Ball 3-0: Base on Balls Ralph Johnson to second
|
Pinch Hitting: LHB Mauro Kappes
|
0-0: Called Strike 0-1: Ground out U3 (Groundball, 3S)
|
Top of the 9th over - 0 run(s), 1 hit(s), 0 error(s), 2 left on base; Colorado Springs 7 - Huntington Beach 8 |
|